 Dungeon Crawl Stone Soup version 0.16-a0-286-g6bac339 (webtiles) character file.

151 Kashira the Gusty (level 5, -6/28 HPs)
             Began as a Tengu Air Elementalist on Aug 28, 2014.
             Mangled by a gnoll
             ... wielding a +0 flail
              (8 damage)
             ... on Level 2 of the Dungeon.
             The game lasted 00:10:52 (2556 turns).

Kashira the Gusty (Tengu Air Elementalist)          Turns: 2556, Time: 00:10:52

HP  -6/28        AC  3     Str  9      XL: 5   Next: 33%
MP   0/13        EV 13     Int 16      God:
Gold 167         SH  0     Dex 14      Spells:  1 memorised,  9 levels left

rFire  . . .     SeeInvis .     l - +0 dagger
rCold  . . .     Clarity  .     f - +0 robe (curse)
rNeg   . . .     rCorr    .     (no shield)
rPois  .         rRot     .     (helmet restricted)
rElec  .         Spirit   .     n - +0 cloak
SustAb .         Warding  .     (no gloves)
rMut   .         Stasis   .     (boots unavailable)
Gourm  .                        (no amulet)
MR     .....                    (no ring)
                                (no ring)

@: not resistant to hostile enchantments, unstealthy
A: able to fly, beak, talons 3
a: Fly


You were on level 2 of the Dungeon.
You were not hungry.

You visited 1 branch of the dungeon, and saw 4 of its levels.

You collected 167 gold pieces.

Inventory:

Hand weapons
 l - a +0 dagger (weapon)
Armour
 a - a +0 robe
 f - a cursed +0 robe (worn)
 n - a +0 cloak (worn)
Comestibles
 c - 3 bread rations
 r - 4 fruits
 u - a slice of pizza
Scrolls
 e - a scroll of fog {unknown}
 i - a scroll of amnesia {unknown}
 j - 3 scrolls of recharging {unknown}
 m - a scroll of magic mapping {unknown}
 o - 5 scrolls of identify {unknown}
 p - 2 scrolls of remove curse {unknown}
 q - a scroll of blinking {unknown}
 w - a scroll of teleportation {unknown}
 C - a scroll of immolation {unknown}
Jewellery
 B - an uncursed ring of positive energy {unknown}
Potions
 d - a potion of curing {unknown}
 g - a potion of heal wounds
 h - a potion of brilliance {unknown}
 k - a potion of resistance {unknown}
 s - a potion of haste {unknown}
 t - a potion of lignification {unknown}
 v - a potion of mutation {unknown}
 x - a potion of might
 z - a potion of confusion {unknown}
 A - a potion of invisibility {unknown}
Books
 b - a book of Air

   Spells                             Type                      Level
   *Shock                             Conjuration/Air              1
   Swiftness                          Charms/Air                   2
   Repel Missiles                     Charms/Air                   2
   Flight                             Charms/Air                   3
   Static Discharge                   Conjuration/Air              3
   Lightning Bolt                     Conjuration/Air              5
 y - a Necronomicon {highlevel, unknown}

   This book is beyond your current level of understanding.

   Spells                             Type                      Level
   Haunt                              Necromancy/Summoning         7
   Borgnjor's Revivification          Necromancy                   8
   Death's Door                       Charms/Necromancy            8
   Necromutation                      Transmutation/Necromancy     8


   Skills:
 + Level 0.2 Fighting
 + Level 2.9 Dodging
 + Level 2.1 Stealth
 + Level 3.1 Spellcasting
 + Level 3.1 Conjurations
 + Level 5.3 Air Magic


You had 9 spell levels left.
You knew the following spells:

 Your Spells              Type           Power        Failure   Level  Hunger
a - Shock                 Conj/Air       ###.         3%          1    None


Dungeon Overview and Level Annotations

Branches:
Dungeon (4/15)
 Temple: D:4-7

Altars:
Ashenzari
Cheibriados
Kikubaaqudgha
Makhleb
Okawaru
Trog
Vehumet

Annotations:
D:4 Sneal's ghost, experienced TrBe


Innate Abilities, Weirdness & Mutations

You can fly.
You have a beak for a mouth.
You have claws for feet.


Message History

The zap hits the gnoll.
The gnoll appears unharmed.
The gnoll is severely wounded.
The gnoll closely misses you.
Casting: Shock
Confirm with . or Enter, or press ? or * to list all spells.
You don't have enough magic to cast that spell.
Casting: Shock
Confirm with . or Enter, or press ? or * to list all spells.
You don't know that spell.
You aren't carrying any items that can be evoked.
You hit the gnoll.
The gnoll is severely wounded.
The gnoll closely misses you.
You barely miss the gnoll. Your kick misses the gnoll.
The gnoll is severely wounded.
The gnoll barely misses you.
You hit the gnoll but do no damage.
The gnoll is severely wounded.
The gnoll hits you with a flail!
You die...

.#####.# #.# .#
#.# #.# .# #.# #.#
.# #.# #.# .# #.##
#.# .## #..# #.##
..## #..# #..#
...###.<# ##.#
........# #@#
...###..# #g# ..##
#..# #.# .## #..#
#.#
.#####..########.#
....<............#
######..##########
####....#
.......##


You could see a gnoll.

Vanquished Creatures
  2 orc wizards (D:3)
  2 gnolls (D:3)
  2 adders (D:2)
  A giant gecko (D:3)
  An ooze (D:2)
  2 orcs (D:3)
  A ball python (D:1)
  5 giant cockroaches
  5 goblins
  4 hobgoblins
  2 jackals (D:2)
  A quokka (D:3)
  8 bats
  5 giant newts
  8 kobolds
  7 rats
56 creatures vanquished.

Notes
Turn   | Place    | Note
--------------------------------------------------------------
     0 | D:1      | Kashira, the Tengu Air Elementalist, began the quest for the Orb.
     0 | D:1      | Reached XP level 1. HP: 10/10 MP: 3/3
   186 | D:1      | Reached XP level 2. HP: 15/15 MP: 1/5
   746 | D:1      | Reached XP level 3. HP: 19/19 MP: 5/7
  1531 | D:2      | Reached XP level 4. HP: 24/24 MP: 5/9
  1973 | D:3      | Reached skill level 5 in Air Magic
  1973 | D:3      | Reached XP level 5. HP: 16/28 MP: 5/13
  2124 | D:3      | Found a bloodstained altar of Trog.
  2126 | D:3      | Found an ancient bone altar of Kikubaaqudgha.
  2130 | D:3      | Found a radiant altar of Vehumet.
  2130 | D:3      | Found a burning altar of Makhleb.
  2132 | D:3      | Found a shattered altar of Ashenzari.
  2135 | D:3      | Found an iron altar of Okawaru.
  2184 | D:3      | Found a snail-covered altar of Cheibriados.
  2533 | D:4      | Noticed Sneal's ghost (experienced TrBe)
  2556 | D:2      | Mangled by a gnoll

Action                   |  1- 3 |  4- 6 || total
-------------------------+-------+-------++-------
Melee: Dagger            |    11 |     7 ||    18
       Unarmed           |     2 |       ||     2
 Cast: Shock             |    81 |    52 ||   133
  Use: Potion            |       |     3 ||     3
  Eat: Chunk             |     3 |     3 ||     6
